 Dungeon Crawl Stone Soup version 0.31-a0-1424-g2add1c7226 (webtiles) character file.

Game seed: 8097645454920689845

225 thriggle the Trooper (level 5, -2/40 (42) HPs)
             Began as a Mummy Monk on Dec 26, 2023.
             Slain by a goblin
             ... wielding a +0 club
             ... led by Robin
              (5 damage)
             ... on level 2 of the Dungeon.
             The game lasted 00:08:37 (1431 turns).

thriggle the Trooper (Mummy Monk)                   Turns: 1431, Time: 00:08:38

HP:   -2/40 (42)    AC:  2    Str: 14    XL:     5   Next: 68%
MP:   5/8           EV: 13    Int: 12    God:
Gold: 71            SH:  0    Dex: 14    Spells: 5/8 levels left

rFire   x . .        g - +0 trident
rCold   + . .        (no shield)
rNeg    + + +        b - +0 robe
rPois   ∞            (no helmet)
rElec   .            (no cloak)
rCorr   .            (no gloves)
SInv    .            (no boots)
Will    .....        (no amulet)
Stlth   ++           (no ring)
HPRegen 0.26/turn    (no ring)
MPRegen 0.11/turn

%: faith
@: lightly drained
A: cold resistance 1, negative energy resistance 3, torment resistance 2, heat
vulnerability 1, in touch with death 1, no potions, faith
a: no special abilities


You were on level 2 of the Dungeon.
You visited 1 branch of the dungeon, and saw 2 of its levels.

You collected 71 gold pieces.

Inventory:

Hand Weapons
 a - a +0 spear
 f - a +1 scythe of venom
 g - a +0 trident (weapon)
Missiles
 d - 11 stones
 e - 2 poisoned darts
Armour
 b - a +0 robe (worn)
 c - an orb of light
Scrolls
 h - 2 scrolls of blinking {unknown}


   Skills:
 + Level 3.8 Fighting
 + Level 3.0 Polearms
 + Level 1.2 Armour
 + Level 3.1 Dodging
 + Level 1.5 Stealth
 + Level 2.1 Spellcasting
 + Level 1.4 Necromancy


You had 5 spell levels left.
You knew the following spells:

 Your Spells              Type           Power      Damage    Failure   Level
a - Cigotuvi's Dreadful   Necr/Alch/Air  6%         N/A       32%         2
b - Summon Small Mammal   Summ           4%         N/A       26%         1

Your spell library contained the following spells:

 Spells                   Type           Power      Damage    Failure   Level
 Call Canine Familiar     Summ           1%         N/A       63%         3
 Summon Guardian Golem    Hex/Summ       1%         N/A       63%         3
 Ignite Poison            Fire/Alch      1%         N/A       95%         4
 Freezing Cloud           Conj/Ice/Air   0%         6-21      100%        5


Dungeon Overview and Level Annotations

Branches:
Dungeon (2/15)

Altars:

Annotations:
D:2 Robin


Innate Abilities, Weirdness & Mutations

You are immune to poison.
Your flesh is cold resistant. (rC+)
You are immune to negative energy. (rN+++)
You are immune to unholy pain and torment.
You are vulnerable to heat. (rF-)
You are in touch with the powers of death.
You do not drink.
You have a special connection with the divine. (Faith)


Message History

Aim: Robin, wielding a +0 whip, wearing a +0 animal skin and wearing a +0 helmet (ally target, about 33% to evade your +0 trident)
You reach to attack!
You hit Robin.
Robin is lightly wounded.
The goblin closely misses you.
Robin roars a battlecry!
Your rat barely misses Robin.
The goblin shouts!
Robin hits your rat with a +0 whip.
Your rat dies!
Your rat's corpse disappears in a puff of smoke!
You hit Robin but do no damage.
Robin is lightly wounded.
The goblin hits you with a +0 club.
Robin roars a battlecry!
Robin throws the goblin at you! The goblin hits you with a +0 club.
The goblin completely misses you.
You hit Robin.
Robin is moderately wounded.
The goblin hits you with a +0 club. x2
Casting: Summon Small Mammal (safe; 26% risk of failure)
Confirm with . or Enter, or press ? or * to list all spells.
The goblin completely misses you. The goblin hits you but does no damage.
Casting: Summon Small Mammal (safe; 26% risk of failure)
Confirm with . or Enter, or press ? or * to list all spells.
You feel a surge of power!
A part of your flesh rots into a cloud of miasma!
You feel drained.
Your bat hits the goblin. The goblin hits you with a +0 club. x2
* * * LOW HITPOINT WARNING * * *
You barely miss the goblin.
The goblin is moderately wounded.
Your bat closely misses the goblin.
Your bat hits the goblin. x2
The goblin closely misses you. x2; The goblin hits you with a +0 dagger.
* * * LOW HITPOINT WARNING * * *
Robin closely misses you.
You hit the goblin.
You kill the goblin!
The goblin hits you with a +0 dagger.
* * * LOW HITPOINT WARNING * * *
The goblin hits you with a +0 club.
You die...

#.#...# #.#
#.#.#.# ..#.#
#.#g#.# ###.#
#.#.#...gg....#
#.###..g.g..
#.# #g..g. #.#
###g#
#.#######g#
#......b@g#
#.#######g# ###
##


You could see Robin (ally target), a hobgoblin (strong), 4 goblins and a
friendly bat (summoned).

Vanquished Creatures
  Sigmund (D:2)
  An adder (D:2)
  2 dart slugs (D:1)
  2 ball pythons (D:1)
  An endoplasm (D:1)
  A giant cockroach (D:1)
  10 goblins
  4 hobgoblins
  2 jackals (D:1)
  4 kobolds (D:1)
  3 quokkas
  6 bats
  2 frilled lizards (D:1)
  3 rats
42 creatures vanquished.

Notes
Turn   | Place    | Note
-------+----------+-------------------------------------------
     0 | D:1      | thriggle the Mummy Monk began the quest for the Orb.
     0 | D:1      | Reached XP level 1. HP: 18/18 MP: 1/1
   115 | D:1      | Reached XP level 2. HP: 24/24 MP: 2/2
   529 | D:1      | Reached XP level 3. HP: 29/29 MP: 4/4
   532 | D:1      | Learned a level 2 spell: Cigotuvi's Dreadful Rot
   692 | D:1      | Reached skill level 1 in Spellcasting
   864 | D:2      | Learned a level 1 spell: Summon Small Mammal
  1051 | D:2      | Noticed Sigmund
  1070 | D:2      | Killed Sigmund
  1071 | D:2      | Reached skill level 1 in Armour
  1071 | D:2      | Reached skill level 1 in Stealth
  1071 | D:2      | Reached skill level 1 in Necromancy
  1071 | D:2      | Reached XP level 4. HP: 7/37 MP: 1/7
  1071 | D:2      | Reached XP level 5. HP: 8/42 MP: 1/8
  1400 | D:2      | Noticed Robin
  1431 | D:2      | Slain by a goblin

Illustrated notes

Levels and vault maps discovered:
D:1:      wander_arrival_lonely_grave, layout_loops_cross, minmay_misc_feat_x
D:2:      layout_basic, roderic_lattice_a, uniq_robin, uniq_sigmund

Skill      XL: |  1  2  3 |
---------------+----------+-----
Spellcasting   | 2 |  2.1
Polearms       | 3 |  3.0
Armour         | 1 |  1.2
Dodging        | 3 |  3.1
Stealth        | 1 |  1.5
Necromancy     | 1 |  1.4
Fighting       | |  3.8

Action                     |  1- 3 |  4- 6 || total
---------------------------+-------+-------++-------
  Melee: Spear             |   106 |       ||   106
         Punch             |     1 |       ||     1
         Trident           |    28 |    30 ||    58
  Throw: Dart              |     1 |       ||     1
   Cast: Summon Small Mamm |       |     2 ||     2
         Cigotuvi's Dreadf |       |     1 ||     1
    Use: Scroll            |     2 |       ||     2
   Stab: Sleeping          |     4 |     2 ||     6
         Distracted        |       |     1 ||     1
 Armour: Robe              |    57 |    29 ||    86
  Dodge: Dodged            |    65 |    29 ||    94

Table legend: (Time is in decaauts)
 A = Elapsed time spent in this place.
 B = Non-inter-level travel time spent in this place.
 C = Inter-level travel time spent in this place.
 D = Time resting spent in this place.
 E = Time spent auto-exploring this place.
 F = Levels seen in this place.
 G = Mean time per level.
                   A        B        C        D        E       F      G
               +--------+--------+--------+--------+--------+-----+--------+
         Total |   1435 |   1396 |     39 |     52 |    797 |   2 |  717.5 |
       Dungeon |   1435 |   1396 |     39 |     52 |    797 |   2 |  717.5 |
               +--------+--------+--------+--------+--------+-----+--------+

Top non-repeatable levels by time:
     D:1: 827 daAuts
     D:2: 608 daAuts
